[Event "Titled Tuesday Blitz November 22 Early 2022"]
[White "Bilych, Olexiy"]
[Black "Devaev, Alexander"]
[WhiteFideId "14156504"]
[BlackFideId "4169395"]
[WhiteElo "2320"]
[BlackElo "2225"]
[Result "1/2-1/2"]
[Round "01"]
[TimeControl "180+1"]
[Date "2022.11.23"]
[WhiteClock "0:00:07"]
[BlackClock "0:00:04"]

1. d4 Nf6 2. c4 e6 3. Nf3 Bb4+ 4. Bd2 Qe7 5. g3 b6 6. Bg2 Bb7 7. O-O Bxd2 8. Qxd2 d6 9. Nc3 Ne4 10. Qc2 Nxc3 11. Qxc3 Nd7 12. Rac1 O-O 13. b4 h6 14. c5 Bd5 15. Qc2 Nf6 16. Nd2 Bxg2 17. Kxg2 d5 18. Nf3 Nd7 19. e4 bxc5 20. bxc5 c6 21. e5 f6 22. Rfe1 f5 23. Rb1 Rfb8 24. Qa4 Rxb1 25. Rxb1 Rb8 26. Rb3 Rxb3 27. axb3 Nb8 28. Qa5 Kf7 29. Ne1 Qd7 30. Nd3 Ke7 31. h4 Qb7 32. Nb4 g6 33. Qa4 a6 34. Qa5 Kd7 35. f4 Qb5 36. Qxb5 cxb5 37. h5 gxh5 38. Kh3 a5 39. Nc2 Nc6 40. Kh4 a4 41. bxa4 bxa4 42. Kxh5 Ke7 43. Kxh6 Kf7 44. Kg5 Ne7 45. g4 fxg4 46. Kxg4 Nf5 47. Kf3 Ne7 48. Ke3 Nc6 49. Kd3 Kg6 50. Ne3 a3 51. Kc3 a2 52. Kb2 Nxd4 53. Kxa2 Nc6 54. Kb3 d4 55. Nc2 Kf5 56. Kc4 Kxf4 57. Nxd4 Nxe5+ 58. Kb5 Ke4 59. Nxe6 Kd5 60. Nf4+ Kd4 61. Ne6+ Kd5 62. Nc7+ Kd4 63. Na6 Kd5 64. Nb4+ Ke6 65. Ka6 Kd7 66. Kb7 Ke6 67. Nc2 Kd5 68. Kb6 Nd7+ 69. Kb5 Nxc5 1/2-1/2


[Site "https://www.chess.com"]

[Event "Titled Tuesday Blitz November 22 Early 2022"]
[White "Bon, Michael"]
[Black "Sharifov, Mekhriddin"]
[WhiteFideId "620696"]
[BlackFideId "14701545"]
[WhiteElo "2321"]
[BlackElo "2109"]
[Result "0-1"]
[Round "01"]
[TimeControl "180+1"]
[Date "2022.11.23"]
[WhiteClock "0:00:14"]
[BlackClock "0:01:48"]

1. e4 c5 2. Nf3 a6 3. c4 Nc6 4. Nc3 d6 5. d4 cxd4 6. Nxd4 Nf6 7. Be2 e6 8. Be3 Be7 9. O-O O-O 10. Qb3 Qc7 11. Rfc1 Bd7 12. Qd1 Rac8 13. a3 Rfd8 14. b4 Qb8 15. Nb3 Ne5 16. Bb6 Re8 17. Nd2 Ng6 18. a4 d5 19. c5 d4 20. Ncb1 Qe5 21. Bd3 Nf4 22. Nf3 Qh5 23. g3 Nxd3 24. Qxd3 Nxe4 25. Qxe4 Bc6 26. Qxd4 Qxf3 0-1


[Site "https://www.chess.com"]

[Event "Titled Tuesday Blitz November 22 Early 2022"]
[White "Boros, Denes"]
[Black "Szyszylo, Rafal"]
[WhiteFideId "722340"]
[BlackFideId "1109626"]
[WhiteElo "2464"]
[BlackElo "1981"]
[Result "1-0"]
[Round "01"]
[TimeControl "180+1"]
[Date "2022.11.23"]
[WhiteClock "0:00:48"]
[BlackClock "0:00:02"]

1. d4 d6 2. Bg5 g6 3. e4 Bg7 4. c3 Nf6 5. Nd2 e5 6. Bd3 O-O 7. Ne2 h6 8. Bh4 Nc6 9. O-O a6 10. Kh1 Qe8 11. f4 Ng4 12. f5 Ne3 13. Qe1 Nxf1 14. Qxf1 gxf5 15. exf5 f6 16. Ng3 exd4 17. cxd4 Nxd4 18. Qf4 Nc6 19. Be2 Qe5 20. Qg4 Qd4 21. Nde4 Ne5 22. Qf4 Qxb2 23. Rf1 d5 24. Nc5 b6 25. Ne6 Rf7 26. Nxg7 Rxg7 27. Bxf6 Qxa2 28. Qxh6 1-0


[Site "https://www.chess.com"]

[Event "Titled Tuesday Blitz November 22 Early 2022"]
[White "Buscar, Michael"]
[Black "Weetik, Vjacheslav"]
[WhiteFideId "2603616"]
[BlackFideId "4153472"]
[WhiteElo "2010"]
[BlackElo "2469"]
[Result "0-1"]
[Round "01"]
[TimeControl "180+1"]
[Date "2022.11.23"]
[WhiteClock "0:00:02"]
[BlackClock "0:00:18"]

1. Nf3 Nf6 2. b3 d5 3. Bb2 Bg4 4. e3 Nbd7 5. Be2 e6 6. Ne5 Bxe2 7. Qxe2 Nxe5 8. Bxe5 Bd6 9. Bxd6 Qxd6 10. c4 O-O 11. O-O c6 12. d4 e5 13. dxe5 Qxe5 14. Nd2 Rfe8 15. Nf3 Qh5 16. cxd5 Nxd5 17. Qc4 Re6 18. Rad1 Rg6 19. Qe2 Re8 20. Nd4 Qe5 21. Qf3 h6 22. Qf5 Qe7 23. g3 Qa3 24. Rd2 Rf6 25. Qc2 Rxe3 26. Nf5 Re8 27. Rfd1 Qa5 28. Nh4 g6 29. Ng2 Rfe6 30. Qb2 Qc3 0-1


[Site "https://www.chess.com"]

[Event "Titled Tuesday Blitz November 22 Early 2022"]
[White "Cardoso Cardoso, Jose Gabriel"]
[Black "Skibbe, Willi"]
[WhiteFideId "4430492"]
[BlackFideId "4682190"]
[WhiteElo "2484"]
[BlackElo "2366"]
[Result "1-0"]
[Round "01"]
[TimeControl "180+1"]
[Date "2022.11.23"]
[WhiteClock "0:00:01"]
[BlackClock "0:00:01"]

1. d4 d5 2. Nc3 Nf6 3. Bf4 a6 4. e3 b5 5. Nf3 e6 6. Ne5 c5 7. g4 Nfd7 8. Bd3 Nxe5 9. Bxe5 Nc6 10. Qf3 Nxe5 11. dxe5 Bb7 12. O-O-O Qc7 13. Qf4 f6 14. exf6 Qxf4 15. exf4 gxf6 16. Rhe1 Kf7 17. h4 Bd6 18. f5 Bf4+ 19. Kb1 e5 20. Be4 Rad8 21. Bxd5+ Bxd5 22. Nxd5 Rhg8 23. f3 h5 24. Rg1 hxg4 25. fxg4 Rh8 26. g5 Rxh4 27. g6+ Kg7 28. Nxf4 Rxd1+ 29. Rxd1 Rxf4 30. Rd7+ Kg8 31. b3 Rxf5 32. Rd6 e4 33. Rxa6 e3 34. Re6 Rf3 35. a4 bxa4 36. bxa4 Rf4 37. Rxe3 Rxa4 38. Re7 Rg4 39. Rc7 Rxg6 40. Rxc5 Rg5 41. Rc6 Kf7 42. Kb2 Rb5+ 43. Kc3 f5 44. Kc4 Rb2 45. Kd3 f4 46. Ke4 Rb4+ 47. c4 Ke7 48. Kd4 f3 49. Rc5 Ke6 50. Re5+ Kf6 51. Re3 Rb1 52. Rxf3+ Ke6 53. Kc5 Kd7 54. Rf7+ Kc8 55. Kc6 Kd8 56. c5 Rh1 57. Rf8+ Ke7 58. Rc8 Rb1 59. Kc7 Rb5 60. c6 Rb1 61. Rb8 Rc1 62. Rb2 Re1 63. Rd2 1-0


[Site "https://www.chess.com"]

[Event "Titled Tuesday Blitz November 22 Early 2022"]
[White "Chigaev, Maksim"]
[Black "Stankovic, Ivan G"]
[WhiteFideId "4108116"]
[BlackFideId "902837"]
[WhiteElo "2541"]
[BlackElo "2226"]
[Result "1/2-1/2"]
[Round "01"]
[TimeControl "180+1"]
[Date "2022.11.22"]
[WhiteClock "0:00:15"]
[BlackClock "0:00:36"]

1. Nf3 c5 2. e4 Nc6 3. Bb5 g6 4. O-O Bg7 5. Re1 Nh6 6. c3 O-O 7. Bxc6 bxc6 8. h3 f5 9. e5 Nf7 10. d3 e6 11. Na3 g5 12. Nc4 Ba6 13. Nd6 h6 14. Nxf7 Rxf7 15. c4 d5 16. exd6 Qxd6 17. Qe2 Re8 18. Ne5 Bxe5 19. Qxe5 Qxd3 20. b3 Qd4 21. Ba3 Qxe5 22. Rxe5 Rd7 23. Bxc5 Kf7 24. Rae1 Rd2 25. R5e2 Rd7 26. g3 Bc8 27. f4 a6 28. Kf2 Rd3 29. Re3 Red8 30. Rxd3 Rxd3 31. Re3 Rd2+ 32. Re2 Rd3 33. h4 g4 34. Be3 Ke7 35. Rd2 Rxd2+ 36. Bxd2 c5 37. Ke3 Kd6 38. Bc3 h5 39. Kd2 Bb7 40. Kc2 Be4+ 41. Kb2 Kc6 42. Ba5 Kd6 43. Kc3 e5 44. fxe5+ Kxe5 45. Bc7+ Ke6 46. a3 Kd7 47. Bb8 Kc6 48. b4 cxb4+ 49. axb4 Bb1 50. Bf4 Ba2 51. Kd4 Bb3 52. Ke5 Bxc4 53. Kf6 Kb5 54. Kg5 Bf7 55. Bd2 Kc4 56. Kxf5 Kd3 57. Be1 Ke2 58. Bc3 Kf3 59. Be5 Be8 60. Kf6 Bb5 61. Bf4 Be8 62. Ke7 Bb5 63. Kf7 Ke4 64. Kg6 Be8+ 65. Kg5 Kd5 1/2-1/2


[Site "https://www.chess.com"]

[Event "Titled Tuesday Blitz November 22 Early 2022"]
[White "Chirilov, James A"]
[Black "Miszler, Levente"]
[WhiteFideId "30976677"]
[BlackFideId "763276"]
[WhiteElo "1790"]
[BlackElo "2176"]
[Result "1-0"]
[Round "01"]
[TimeControl "180+1"]
[Date "2022.11.23"]
[WhiteClock "0:01:09"]
[BlackClock "0:00:24"]

1. e4 e6 2. d4 d5 3. Nc3 Nf6 4. Bg5 Be7 5. e5 Nfd7 6. h4 h6 7. Bxe7 Qxe7 8. f4 O-O 9. Nf3 a6 10. Qd2 c5 11. O-O-O Nc6 12. g4 b5 13. dxc5 Nxc5 14. h5 b4 15. Ne2 Ne4 16. Qe3 Bd7 17. Ned4 Rfc8 18. Bd3 b3 19. axb3 Nb4 20. Bxe4 dxe4 21. Qxe4 Qc5 22. c3 Qa5 23. Kd2 Nd5 24. Ra1 Qb6 25. g5 Bc6 26. Nxc6 Rxc6 27. Nd4 Rd8 28. gxh6 Qxb3 29. Nxb3 Nxc3+ 30. Qd4 Ne4+ 31. Ke3 Rxd4 32. Nxd4 1-0


[Site "https://www.chess.com"]

[Event "Titled Tuesday Blitz November 22 Early 2022"]
[White "Colas, Joshua"]
[Black "Manon-og, Ramon Jr."]
[WhiteFideId "2044447"]
[BlackFideId "5200776"]
[WhiteElo "2347"]
[BlackElo "2322"]
[Result "1-0"]
[Round "01"]
[TimeControl "180+1"]
[Date "2022.11.23"]
[WhiteClock "0:00:51"]
[BlackClock "0:00:04"]

1. Nf3 Nf6 2. c4 g6 3. b3 Bg7 4. Bb2 O-O 5. g3 c6 6. Bg2 d5 7. O-O Nbd7 8. d4 dxc4 9. bxc4 Nb6 10. Nbd2 Be6 11. Qc2 Qd7 12. Ng5 Bf5 13. e4 Bg4 14. f3 h6 15. Nxf7 Rxf7 16. fxg4 Nxg4 17. Rxf7 Kxf7 18. c5 Bxd4+ 19. Kh1 Nf2+ 20. Kg1 Nd3+ 21. Kh1 Bxb2 22. Rf1+ Kg7 23. cxb6 axb6 24. Nc4 Qd4 25. h3 b5 26. Nxb2 Nxb2 27. e5 Qxe5 28. Qf2 Qf6 29. Qe2 Qd4 30. Qxe7+ Kh8 31. Rf7 Kg8 32. Qe6 1-0


[Site "https://www.chess.com"]

[Event "Titled Tuesday Blitz November 22 Early 2022"]
[White "Corrales Jimenez, Fidel"]
[Black "Fernandez Garcia, Gumersindo"]
[WhiteFideId "3506690"]
[BlackFideId "24516740"]
[WhiteElo "2541"]
[BlackElo "2140"]
[Result "1-0"]
[Round "01"]
[TimeControl "180+1"]
[Date "2022.11.22"]
[WhiteClock "0:02:02"]
[BlackClock "0:01:22"]

1. e4 d6 2. d4 Nf6 3. Nc3 e5 4. dxe5 dxe5 5. Qxd8+ Kxd8 6. b3 c6 7. Bb2 Kc7 8. O-O-O Nbd7 9. Bc4 Bc5 10. Nh3 Rf8 11. Na4 Bd6 12. Ng5 b5 13. Bxf7 Nb6 14. Rxd6 bxa4 15. Bxe5 Kb7 16. Be6 Re8 17. Bxf6 gxf6 18. Bxc8+ Raxc8 19. Nxh7 Rxe4 20. Nxf6 Rf4 21. f3 c5 22. Nd5 Rd4 23. Nxb6 axb6 24. Rxd4 cxd4 25. Kd2 axb3 26. axb3 Rg8 27. g4 Kc6 28. h4 Kd5 29. h5 Ke5 30. h6 Kf4 31. h7 Rh8 32. Kd3 Kxf3 33. g5 1-0


[Site "https://www.chess.com"]

[Event "Titled Tuesday Blitz November 22 Early 2022"]
[White "Csonka, Balazs"]
[Black "Muminova, Nafisa"]
[WhiteFideId "742910"]
[BlackFideId "14201526"]
[WhiteElo "2404"]
[BlackElo "2258"]
[Result "1-0"]
[Round "01"]
[TimeControl "180+1"]
[Date "2022.11.23"]
[WhiteClock "0:00:08"]
[BlackClock "0:00:17"]

1. e4 e6 2. d4 d5 3. e5 c5 4. c3 Nc6 5. Nf3 Qb6 6. Bd3 Bd7 7. dxc5 Bxc5 8. O-O a5 9. a4 Nge7 10. Na3 Ng6 11. Qe2 O-O 12. Nb5 Rae8 13. Ng5 Ncxe5 14. Bc2 h6 15. Nh3 Nc4 16. Qh5 e5 17. Kh1 e4 18. Qxd5 Bxh3 19. Qxc4 Bf5 20. b4 axb4 21. cxb4 Bxf2 22. Qe2 e3 23. Bxf5 Qf6 24. Bxg6 Qxa1 25. Bxe3 Rxe3 26. Qxf2 Qe5 27. Bb1 f5 28. Nd6 f4 29. Nc4 Qe7 30. Nxe3 fxe3 31. Qxf8+ Qxf8 32. Ba2+ Qf7 33. Rxf7 Kh7 34. Re7 e2 35. Rxe2 Kg6 36. Kg1 Kg5 37. Kf2 Kf4 38. Bd5 g5 39. Bxb7 Kf5 40. g3 h5 41. a5 h4 42. a6 g4 43. gxh4 g3+ 44. Kxg3 Kg6 45. a7 Kh5 46. a8=Q Kh6 47. Qh8+ Kg6 48. h5+ Kf5 49. Qe5# 1-0


[Site "https://www.chess.com"]

[Event "Titled Tuesday Blitz November 22 Early 2022"]
[White "D`Arruda, Ricardo D."]
[Black "Jumabayev, Rinat"]
[WhiteFideId "100692"]
[BlackFideId "13702661"]
[WhiteElo "2484"]
[BlackElo "2561"]
[Result "1/2-1/2"]
[Round "01"]
[TimeControl "180+1"]
[Date "2022.11.22"]
[WhiteClock "0:00:20"]
[BlackClock "0:00:05"]

1. d4 Nf6 2. Nf3 e6 3. c4 Bb4+ 4. Nbd2 d5 5. a3 Be7 6. Qc2 a5 7. e4 dxe4 8. Nxe4 Nbd7 9. Bd3 b6 10. O-O Bb7 11. Bf4 O-O 12. Rad1 a4 13. Rfe1 Re8 14. Ne5 h6 15. h3 Qc8 16. Bg3 Ra5 17. f4 c5 18. Nxd7 Nxd7 19. dxc5 Bxe4 20. Bxe4 Rxc5 21. Qxa4 Nf6 22. Bd3 Nh5 23. Bh2 Bh4 24. Re3 Rd8 25. Be2 Bf6 26. b4 Rf5 27. Bg4 g6 28. Bxf5 gxf5 29. Red3 Rxd3 30. Rxd3 Qxc4 31. Qd1 Nxf4 32. Bxf4 Qxf4 33. Qd2 Qe4 34. Kh1 Kg7 35. Rg3+ Kh7 36. Rf3 Be5 37. Kg1 Bd4+ 38. Kf1 Qb1+ 39. Ke2 Qe4+ 40. Kf1 Qb1+ 41. Ke2 Qe4+ 42. Kf1 1/2-1/2


[Site "https://www.chess.com"]

[Event "Titled Tuesday Blitz November 22 Early 2022"]
[White "Danielyan, Vahe"]
[Black "Maung, Maung Kyaw Zaw Hein"]
[WhiteFideId "13304828"]
[BlackFideId "13001698"]
[WhiteElo "2423"]
[BlackElo "2019"]
[Result "0-1"]
[Round "01"]
[TimeControl "180+1"]
[Date "2022.11.23"]
[WhiteClock "0:00:02"]
[BlackClock "0:00:19"]

1. e4 c6 2. Nc3 d5 3. Nf3 dxe4 4. Nxe4 Bg4 5. h3 Bxf3 6. Qxf3 Nd7 7. d4 Ngf6 8. Nxf6+ Nxf6 9. c3 e6 10. Bd3 Be7 11. O-O O-O 12. Bf4 Qb6 13. Qe2 c5 14. dxc5 Bxc5 15. Rad1 Rad8 16. Bg5 Be7 17. Rfe1 Rd6 18. Be3 Qa5 19. b4 Qa3 20. Bc5 Rd7 21. Bd4 Rfd8 22. Bb5 Rd5 23. Bc4 R5d7 24. Bb3 a5 25. bxa5 Qxa5 26. Rd3 Qh5 27. Rg3 Qxe2 28. Rxe2 g6 29. Rf3 Nd5 30. g4 b5 31. Kg2 Rc8 32. Re5 Bc5 33. Bxd5 Rxd5 34. Rxd5 exd5 35. Bf6 h6 36. Rd3 Rc6 37. Be5 Bd6 38. Rxd5 Bxe5 39. Rxe5 Rxc3 40. Rxb5 Ra3 41. Rb2 g5 42. Re2 Kg7 43. f3 Kg6 44. Kg3 h5 45. gxh5+ Kxh5 46. Rc2 f5 47. Rb2 f4+ 48. Kh2 Rxf3 49. Rb1 Kh4 50. Ra1 Rxh3+ 51. Kg1 Ra3 52. Kf2 g4 53. Kg2 f3+ 54. Kh1 g3 55. Kg1 Kh3 56. Kf1 Kh2 57. Ke1 g2 58. Kf2 Rxa2+ 59. Rxa2 g1=Q+ 60. Kxf3+ Kh3 61. Re2 Qf1+ 62. Ke3 Kg3 63. Kd2 Qf4+ 64. Kd3 Kf3 65. Rd2 Qd6+ 66. Kc2 Qb4 67. Rd3+ Ke4 68. Rb3 Qc4+ 69. Rc3 Qe2+ 70. Kb3 Kd4 71. Rc2 Qb5+ 72. Ka2 Qa4+ 73. Kb1 Qb3+ 74. Rb2 Qd1+ 75. Ka2 Kc3 76. Rb8 Qe2+ 77. Ka1 Qe1+ 78. Ka2 Qf2+ 79. Kb1 Qg1+ 80. Ka2 Qh2+ 81. Rb2 Qxb2# 0-1


[Site "https://www.chess.com"]

[Event "Titled Tuesday Blitz November 22 Early 2022"]
[White "Decuigniere, Tom"]
[Black "Fabris, Alberto"]
[WhiteFideId "26093820"]
[BlackFideId "801348"]
[WhiteElo "2252"]
[BlackElo "2133"]
[Result "1-0"]
[Round "01"]
[TimeControl "180+1"]
[Date "2022.11.23"]
[WhiteClock "0:00:26"]
[BlackClock "0:00:14"]

1. c4 e5 2. g3 Nf6 3. Bg2 Nc6 4. Nc3 Bb4 5. Nd5 Nxd5 6. cxd5 Ne7 7. e3 O-O 8. Ne2 d6 9. O-O c6 10. dxc6 bxc6 11. a3 Ba5 12. d4 Be6 13. b4 Bb6 14. Bb2 exd4 15. Nxd4 Bd5 16. Bxd5 cxd5 17. Qg4 Qc8 18. Qf3 Bxd4 19. Bxd4 Qf5 20. Qe2 Ng6 21. f4 Rfc8 22. Rac1 Qe4 23. Qa6 Rxc1 24. Rxc1 h6 25. Qxd6 h5 26. Rf1 h4 27. f5 Nf8 28. gxh4 Rc8 29. Qg3 g6 30. Qf4 Qxf4 31. Rxf4 Rc2 32. Rf2 Rc1+ 33. Kg2 a6 34. fxg6 Nxg6 35. h5 Ne7 36. Rf3 Nc6 37. Rg3+ Kh7 38. Rg7+ Kh6 39. Rxf7 Nxd4 40. exd4 Rc2+ 41. Rf2 Rc4 42. Rf6+ Kxh5 43. Rf5+ Kg4 44. Rxd5 Rc2+ 45. Kg1 Rc1+ 46. Kf2 Rc2+ 47. Ke3 Rc3+ 48. Ke4 Rxa3 49. Ra5 Rb3 50. Rxa6 Rxb4 51. Rg6+ Kh5 52. Rg8 Rb2 53. d5 Re2+ 54. Kd4 Rd2+ 55. Kc5 Rc2+ 56. Kb6 Rb2+ 57. Kc7 Rc2+ 58. Kd7 Kh6 59. d6 Kh7 60. Rg4 Rxh2 61. Ke6 Re2+ 62. Kd5 Rd2+ 63. Rd4 Rxd4+ 64. Kxd4 Kg6 65. Kd5 Kf7 66. Kc6 Ke8 67. Kc7 1-0


[Site "https://www.chess.com"]

[Event "Titled Tuesday Blitz November 22 Early 2022"]
[White "Derjabin, Ilja"]
[Black "Firouzja, Alireza"]
[WhiteFideId "14104768"]
[BlackFideId "12573981"]
[WhiteElo "2312"]
[BlackElo "2903"]
[Result "0-1"]
[Round "01"]
[TimeControl "180+1"]
[Date "2022.11.22"]
[WhiteClock "0:00:18"]
[BlackClock "0:01:33"]

1. d4 Nf6 2. c4 e6 3. Nc3 Bb4 4. f3 Nh5 5. Nh3 f5 6. Bg5 Nf6 7. e3 O-O 8. Bd3 h6 9. Bh4 d6 10. O-O Bxc3 11. bxc3 e5 12. f4 e4 13. Be2 Be6 14. d5 Bf7 15. g4 fxg4 16. Bxg4 Nbd7 17. Bxd7 Qxd7 18. Bxf6 Qxh3 19. Bd4 c5 20. dxc6 bxc6 21. c5 dxc5 22. Bxc5 Rfd8 23. Qe2 Rd5 24. Bd4 Bh5 25. Qg2 Qxg2+ 26. Kxg2 c5 27. c4 Rf5 28. Be5 Rd8 29. Rab1 Be2 30. Rfc1 Bf3+ 31. Kg3 g5 32. Rb7 Rd2 33. Rg1 Rxa2 34. Rb8+ Kf7 35. Rgb1 Rg2+ 36. Kh3 g4+ 37. Kh4 Rh5+ 38. Kxh5 Rxh2# 0-1


[Site "https://www.chess.com"]

[Event "Titled Tuesday Blitz November 22 Early 2022"]
[White "Drygalov, Sergey"]
[Black "Aarav Dengla"]
[WhiteFideId "24171743"]
[BlackFideId "45059756"]
[WhiteElo "2528"]
[BlackElo "2261"]
[Result "1-0"]
[Round "01"]
[TimeControl "180+1"]
[Date "2022.11.22"]
[WhiteClock "0:01:19"]
[BlackClock "0:01:31"]

1. d4 d5 2. c4 e6 3. Nc3 a6 4. Nf3 dxc4 5. a4 Nc6 6. e3 Na5 7. Ne5 c5 8. Nxc4 cxd4 9. exd4 Nf6 10. Ne5 Nd5 11. Bd3 Bb4 12. Bd2 O-O 13. O-O Bd6 14. Ne4 Bxe5 15. dxe5 Nc6 16. f4 Ndb4 17. Bb1 Qd4+ 18. Kh1 Qxb2 19. Bc3 Qxa1 20. Bxa1 Rd8 21. Qh5 Nd3 22. Nd6 Ncb4 23. Qxf7+ Kh8 24. Qe7 Bd7 25. Nf7+ 1-0


[Site "https://www.chess.com"]

[Event "Titled Tuesday Blitz November 22 Early 2022"]
[White "Duda, Jan-Krzysztof"]
[Black "Martin Duque, Jesus"]
[WhiteFideId "1170546"]
[BlackFideId "2208954"]
[WhiteElo "2779"]
[BlackElo "2297"]
[Result "1-0"]
[Round "01"]
[TimeControl "180+1"]
[Date "2022.11.22"]
[WhiteClock "0:01:58"]
[BlackClock "0:00:19"]

1. e4 c5 2. Nf3 b6 3. d4 cxd4 4. Nxd4 Bb7 5. Nc3 a6 6. Bg5 Qc7 7. Qd2 e6 8. O-O-O b5 9. Bxb5 axb5 10. Ndxb5 Qc4 11. Qd6 f6 12. Qb6 fxg5 13. Qxb7 Qc6 1-0


[Site "https://www.chess.com"]

[Event "Titled Tuesday Blitz November 22 Early 2022"]
[White "Dzierzak, Radoslaw"]
[Black "Savic, Miroslav"]
[WhiteFideId "1161407"]
[BlackFideId "14508494"]
[WhiteElo "2111"]
[BlackElo "2209"]
[Result "1-0"]
[Round "01"]
[TimeControl "180+1"]
[Date "2022.11.23"]
[WhiteClock "0:00:47"]
[BlackClock "0:01:05"]

1. e4 c5 2. Nf3 d6 3. d4 cxd4 4. Nxd4 Nf6 5. Nc3 a6 6. g3 e5 7. Nde2 Be7 8. Bg2 O-O 9. O-O b5 10. Nd5 Bb7 11. Nec3 Nbd7 12. Be3 Rc8 13. a4 Nxd5 14. Nxd5 Bxd5 15. Qxd5 Nf6 16. Qd3 Qc7 17. c3 Rb8 18. axb5 axb5 19. Ra7 Qd8 20. Rfa1 Re8 21. b4 Bf8 22. R1a5 d5 23. exd5 e4 24. Qd4 Nxd5 25. Bh3 g6 26. Rd7 Qc8 27. Qxd5 Qc4 28. Qxc4 bxc4 29. Raa7 Bg7 30. Rxf7 Bxc3 31. Rab7 Bxb4 32. Rg7+ Kf8 33. Rbf7# 1-0


[Site "https://www.chess.com"]

[Event "Titled Tuesday Blitz November 22 Early 2022"]
[White "Ezat, Mohamed"]
[Black "Hartikainen, Jarmo"]
[WhiteFideId "10600906"]
[BlackFideId "503134"]
[WhiteElo "2386"]
[BlackElo "2189"]
[Result "1/2-1/2"]
[Round "01"]
[TimeControl "180+1"]
[Date "2022.11.23"]
[WhiteClock "0:00:12"]
[BlackClock "0:00:16"]

1. d4 Nf6 2. c4 g6 3. Nc3 d5 4. Bg5 Ne4 5. cxd5 Nxc3 6. bxc3 Qxd5 7. Nf3 Bg7 8. g3 c5 9. Bg2 cxd4 10. cxd4 Nc6 11. Be3 e5 12. O-O e4 13. Ng5 f5 14. Qa4 O-O 15. Rfd1 b5 16. Qc2 Bd7 17. Rab1 Rac8 18. Qd2 a6 19. f3 Rfe8 20. fxe4 fxe4 21. Nh3 Bxh3 22. Bxh3 Rcd8 23. Bg2 Re7 24. Kh1 Red7 25. Qc2 Nxd4 26. Bxd4 Bxd4 27. e3 Qc4 28. Qb3 Qxb3 29. Rxb3 Bg7 30. Re1 Rd1 31. Rb1 Rxb1 32. Rxb1 Rd3 33. Bxe4 Rxe3 34. Bb7 Re2 35. Bd5+ Kf8 36. Rf1+ Ke8 37. Bb3 Re3 38. Rf7 a5 39. Rxg7 a4 40. Bd5 Re2 41. Bc6+ Kf8 42. Ra7 Rb2 43. Bxb5 Rxa2 44. Rxa4 Rxa4 45. Bxa4 Ke7 46. Bc2 Kf6 47. Kg2 Ke5 48. h4 Kd4 49. Bb3 Ke5 50. Bg8 Kf6 51. Bxh7 Kg7 52. Bxg6 Kxg6 53. Kf3 Kh6 54. Kf4 Kg7 55. g4 Kh8 56. h5 Kg7 57. g5 Kh8 58. Kf5 Kg7 59. g6 Kf8 60. Kf6 Kg8 61. h6 Kh8 62. h7 1/2-1/2


[Site "https://www.chess.com"]

[Event "Titled Tuesday Blitz November 22 Early 2022"]
[White "Farmani Anosheh, Armin"]
[Black "Artemenko, Oleg"]
[WhiteFideId "24613240"]
[BlackFideId "14201798"]
[WhiteElo "2289"]
[BlackElo "2287"]
[Result "0-1"]
[Round "01"]
[TimeControl "180+1"]
[Date "2022.11.23"]
[WhiteClock "0:00:30"]
[BlackClock "0:00:21"]

1. d4 e6 2. c4 Nf6 3. Nf3 b6 4. g3 Bb7 5. Bg2 Bb4+ 6. Bd2 Be7 7. O-O c6 8. Nc3 d5 9. Ne5 Nbd7 10. Nxd7 Qxd7 11. cxd5 cxd5 12. Bf4 O-O 13. Rc1 Rac8 14. Qd3 Rc6 15. Nb5 Rxc1 16. Rxc1 Ba6 17. Rc7 Qxb5 18. Qxb5 Bxb5 19. Rxe7 Ra8 20. Bf3 Bd7 21. Be5 Rd8 22. Bxf6 gxf6 23. Bh5 Be8 24. Rxa7 Rc8 25. Kg2 e5 26. e3 Rc2 27. dxe5 fxe5 28. Re7 Bc6 29. Bf3 d4 30. Bxc6 dxe3 31. Bb5 Rxf2+ 32. Kg1 f6 33. Bc4+ Kh8 34. Re8+ Kg7 35. Rd8 Rxb2 36. a4 f5 37. Rd3 f4 38. gxf4 exf4 39. Rd4 f3 40. Rf4 Rb1+ 41. Bf1 e2 0-1


[Site "https://www.chess.com"]

[Event "Titled Tuesday Blitz November 22 Early 2022"]
[White "Fedoseev, Vladimir"]
[Black "Winterberg, Lukas"]
[WhiteFideId "24130737"]
[BlackFideId "24622702"]
[WhiteElo "2726"]
[BlackElo "2349"]
[Result "1-0"]
[Round "01"]
[TimeControl "180+1"]
[Date "2022.11.22"]
[WhiteClock "0:00:13"]
[BlackClock "0:00:58"]

1. e4 e6 2. d4 d5 3. Nd2 c5 4. Ngf3 cxd4 5. Nxd4 Nf6 6. exd5 Nxd5 7. N2f3 Bb4+ 8. c3 Nxc3 9. bxc3 Bxc3+ 10. Bd2 Bxd4 11. Bb5+ Nc6 12. Rc1 O-O 13. O-O Bf6 14. Bf4 Qb6 15. Qa4 Bd7 16. Rfd1 Rfd8 17. Rb1 Be8 18. Bd3 Qa5 19. Qe4 g6 20. Rxb7 Qd5 21. Rbb1 Rac8 22. Qxd5 Rxd5 23. Ba6 Rxd1+ 24. Rxd1 Rd8 25. Rb1 Nd4 26. Be3 Nxf3+ 27. gxf3 Bd4 28. Bxd4 Rxd4 29. Rb8 Kf8 30. Bb5 Rb4 31. Rxe8+ Kg7 32. a4 a6 33. Bxa6 Rxa4 34. Bf1 Rf4 35. Kg2 h5 36. h3 Rf5 37. Rd8 Rg5+ 38. Kh2 Rc5 39. Rd3 Kf6 40. Kg3 Kg7 41. f4 Kf6 42. Bg2 Rc1 43. Bf3 Kg7 44. Kh2 Kf6 45. Kg3 Kf5 46. Re3 h4+ 47. Kg2 Kxf4 48. Re4+ Kg5 49. Rg4+ Kf5 50. Rxh4 Ra1 51. Rh7 f6 52. h4 e5 53. Bd5 Rd1 54. Bc6 Rd6 55. Be8 Rd8 56. Bf7 g5 57. h5 g4 58. Rg7 Rh8 59. Kg3 Rh6 60. Rxg4 e4 61. Bg6+ Ke5 62. Rxe4+ Kd6 63. Rf4 Ke5 64. Kg4 Rh8 65. Re4+ Kd6 66. Kf5 Kd5 67. f4 Rb8 68. Kxf6 Rb2 69. h6 Rh2 70. h7 Kd6 71. Re5 1-0


[Site "https://www.chess.com"]

[Event "Titled Tuesday Blitz November 22 Early 2022"]
[White "Fernandez Siles, Luis"]
[Black "Wagner, Dennis"]
[WhiteFideId "2209420"]
[BlackFideId "24650684"]
[WhiteElo "2186"]
[BlackElo "2470"]
[Result "0-1"]
[Round "01"]
[TimeControl "180+1"]
[Date "2022.11.23"]
[WhiteClock "0:00:04"]
[BlackClock "0:00:10"]

1. d4 Nf6 2. c4 g6 3. Nc3 d5 4. cxd5 Nxd5 5. Bd2 c5 6. dxc5 Bg7 7. Qb3 Be6 8. Qxb7 O-O 9. Nf3 Nxc3 10. Bxc3 Bxc3+ 11. bxc3 Nd7 12. Nd4 Nxc5 13. Nxe6 fxe6 14. Qb4 Qc7 15. e3 Rab8 16. Qc4 Qe5 17. Be2 Ne4 18. O-O Nxc3 19. Bg4 Nd5 20. Rad1 Rfd8 21. e4 Nc7 22. f4 Qa5 23. Bxe6+ Kf8 24. f5 Rxd1 25. Rxd1 Qb6+ 26. Qd4 Nxe6 27. fxe6 Qxd4+ 28. Rxd4 Rb6 29. Rd8+ Kg7 30. Rd7 Rxe6 31. Rxa7 Rxe4 32. a4 h5 33. a5 Kf6 34. a6 Ra4 35. Kf2 h4 36. Ra8 g5 37. a7 Ke5 38. Rg8 Rxa7 39. Rxg5+ Kf4 40. Rh5 Ra2+ 41. Kf1 Ra1+ 42. Kf2 Ra2+ 43. Kf1 Kg4 44. Re5 Ra7 45. Kf2 Kf4 46. Re6 Ra2+ 47. Kf1 Ra1+ 48. Kf2 Ra2+ 49. Kf1 Ra7 50. Kf2 Kf5 51. Rh6 Ra4 52. Kf3 Rf4+ 53. Ke3 Re4+ 54. Kf3 Rf4+ 55. Ke3 e5 56. Rh5+ Kf6 57. g3 hxg3 58. hxg3 Ra4 59. Rh8 Ra3+ 60. Kf2 Kf5 61. Rh4 e4 62. Rf4+ Ke5 63. Rf8 Ra2+ 64. Ke3 Ra3+ 65. Kf2 Kd4 66. Rd8+ Kc4 67. Rc8+ Kd3 68. Rd8+ Kc2 69. Rc8+ Kd2 70. Rd8+ Rd3 71. Ra8 e3+ 0-1


[Site "https://www.chess.com"]

[Event "Titled Tuesday Blitz November 22 Early 2022"]
[White "Ferreira, Vitor Hugo Vieira"]
[Black "Keymer, Vincent"]
[WhiteFideId "2119765"]
[BlackFideId "12940690"]
[WhiteElo "2168"]
[BlackElo "2600"]
[Result "0-1"]
[Round "01"]
[TimeControl "180+1"]
[Date "2022.11.22"]
[WhiteClock "0:00:59"]
[BlackClock "0:01:55"]

1. Nf3 d5 2. g3 Bg4 3. Bg2 c6 4. O-O Nd7 5. c4 Bxf3 6. Bxf3 Ne5 7. cxd5 Nxf3+ 8. exf3 cxd5 9. d3 e6 10. f4 Bd6 11. f5 exf5 12. Qf3 Ne7 13. Nc3 Bb4 14. Bg5 f6 15. Bf4 Bxc3 16. bxc3 O-O 17. Rab1 Qd7 18. Rb3 Rac8 19. Rfb1 b6 20. h4 Ng6 21. Bd2 Ne5 22. Qe2 Rfe8 23. Be3 Ng4 24. Qf3 Nxe3 25. fxe3 Re5 26. Re1 Rce8 27. Rb2 g6 28. h5 Qc7 29. hxg6 hxg6 30. Rb5 Qxc3 31. Kg2 Qxe1 0-1


[Site "https://www.chess.com"]